AoeStats
← AVAbest

Arena

510611617Analyzed
2v2 RM · 13h ago on Oct 1, 2026· 42m 5s· 4 players
Game mode
Random Map
Map size
Medium (4 player)
Population
200
Speed
Normal
Resources
Standard
Victory
Conquest
Starting age
Dark Age
Ending age
Imperial Age
RankedLock teamsTeams togetherTeam positionsShared explorationLock speedFull tech treeHidden civsTurbo modeCheats
Victory
Defeat
🇮🇹 Bohemians · Italy
877
+16
🇹🇷 Turks · Türkiye
851
+17
🇨🇿 Persians · Czechia
923
-18
🇩🇪 Bohemians · Germany
833
-15
Drogo
4:45 Loom
11:34 Feudal Age
12:24 Double-Bit Axe
16:28 Castle Age
17:51 Wheelbarrow
19:10 Horse Collar
21:41 Bow Saw
24:22 Hand Cart
28:50 Imperial Age
26:25 Stone Mining
26:25 Gold Mining
26:49 Squires
29:33 Gold Shaft Mining
29:01 Scale Mail Armor
29:07 Scale Barding Armor
29:59 Caravan
30:32 Town Watch
33:35 Heavy Camel Rider
34:39 Chain Barding Armor
34:35 Chain Mail Armor
34:31 Forging
34:11 Fletching
34:22 Padded Archer Armor
36:07 Conscription
35:35 Capped Ram
36:30 Bloodlines
36:21 Husbandry
37:37 Plate Mail Armor
37:43 Plate Barding Armor
37:44 Iron Casting
37:22 Elite Janissary
38:11 Bodkin Arrow
38:32 Leather Archer Armor
40:56 Sipahi
42:22 Artillery
Blancos
0:26 Loom
11:29 Feudal Age
12:12 Double-Bit Axe
18:05 Castle Age
18:03 Horse Collar
19:18 Heavy Plow
20:33 Wheelbarrow
20:56 Bow Saw
26:12 Caravan
26:35 Ballistics
28:24 Chemistry
28:52 Hand Cart
28:51 Padded Archer Armor
28:43 Fletching
29:58 Leather Archer Armor
30:35 Bodkin Arrow
34:24 Imperial Age
36:21 Houfnice
40:01 Onager
AVAbest
11:23 Feudal Age
15:38 Castle Age
14:48 Double-Bit Axe
15:55 Horse Collar
17:37 Wheelbarrow
18:37 Chemistry
18:19 Bow Saw
18:16 Heavy Plow
24:55 Imperial Age
28:41 Fletching
28:51 Padded Archer Armor
30:49 Bodkin Arrow
31:18 Leather Archer Armor
32:55 Bracer
36:51 Two-Man Saw
36:08 Hand Cart
fuckmatchmake
3:07 Loom
11:51 Feudal Age
14:15 Wheelbarrow
17:33 Castle Age
15:48 Double-Bit Axe
20:35 Hand Cart
23:53 Bloodlines
23:49 Horse Collar
23:36 Elite Skirmisher
24:56 Town Watch
26:35 Loom
27:52 Hand Cart
34:28 Imperial Age
31:59 Town Patrol
32:47 Forging
32:28 Fletching
34:49 Kamandaran
34:55 Heavy Camel Rider
36:04 Heavy Plow
36:00 Cavalier
36:47 Pikeman
38:18 Scale Barding Armor
38:15 Padded Archer Armor
38:38 Ballistics
Connection lost

Rejoining the realm…

Still unreachable

The connection could not be restored.

Session expired

The server has moved on; the page needs a fresh start.